 Dungeon Crawl Stone Soup version 0.29.1-2-gbd0b4ee654 (webtiles) character file.

Game seed: 10317538911127900518

54 croobank the Insei (level 3, 0/24 HPs)
             Began as an Octopode Transmuter on Nov 19, 2022.
             Slain by a gnoll
             ... wielding a +0 spear
              (7 damage)
             ... on level 2 of the Dungeon.
             The game lasted 00:03:56 (1773 turns).

croobank the Insei (Octopode Transmuter)            Turns: 1773, Time: 00:03:57

Health: 0/24       AC:  1    Str:  9    XL:     3   Next: 91%
Magic:  4/6        EV: 13    Int: 17    God:
Gold:   36         SH:  0    Dex: 12    Spells: 3/6 levels left

rFire   . . .      SeeInvis +     - Unarmed
rCold   . . .      Faith    .   (no shield)
rNeg    . . .      Spirit   .   (helmet restricted)
rPois   .          Reflect  .   (no amulet)
rElec   .          Harm     .   c - ring of see invisible
rCorr   .          Rampage  .   (no ring)
Will    .....                   (no ring)
Stlth   ++........              (no ring)
HPRegen 0.08/turn               (no ring)
MPRegen 0.10/turn               (no ring)
                                (no ring)
                                (no ring)

@: wereblooded
A: almost no armour, amphibious, 8 rings, camouflage 1, gelatinous body 1,
(nimble swimmer 1), tentacles
a: no special abilities


You were on level 2 of the Dungeon.
You visited 1 branch of the dungeon, and saw 2 of its levels.

You collected 36 gold pieces.

Inventory:

Jewellery
 c - a ring of see invisible (left tentacle)
Scrolls
 b - 2 scrolls of enchant armour {unknown}
 g - a scroll of brand weapon {unknown}
 h - a scroll of acquirement {unknown}
Potions
 a - 2 potions of lignification
 d - a potion of ambrosia {unknown}
 e - a potion of invisibility {unknown}
 f - a potion of magic {unknown}
 i - a potion of haste {unknown}


   Skills:
 + Level 1.7 Fighting
 + Level 2.5 Dodging
 + Level 3.3 Unarmed Combat
 + Level 2.4 Spellcasting
 + Level 2.5 Transmutations


You had 3 spell levels left.
You knew the following spells:

 Your Spells              Type           Power      Damage    Failure   Level
a - Beastly Appendage     Tmut           20%        N/A       7%          1
b - Wereblood             Tmut           10%        N/A       10%         2

Your spell library contained the following spells:

 Spells                   Type           Power      Damage    Failure   Level
 Ensorcelled Hibernation  Hex/Ice        4%         N/A       28%         2
 Spider Form              Tmut/Pois      6%         N/A       32%         3
 Ice Form                 Ice/Tmut       6%         N/A       73%         4
 Anguish                  Hex/Necr       1%         N/A       88%         4


Dungeon Overview and Level Annotations

Branches:
Dungeon (2/15)

Altars:


Innate Abilities, Weirdness & Mutations

You cannot wear most types of armour.
You are amphibious.
You can wear up to eight rings at the same time.
Your skin changes colour to match your surroundings (Stealth+).
Your rubbery body absorbs attacks. (AC +1, EV +1)
((You are camouflaged when in or above water. (Stealth+)))
You have tentacles for arms and can constrict up to eight enemies at once.


Message History

The adder is moderately wounded.
You constrict the adder. The adder misses you.
You tentacle-slap the adder but do no damage.
You pierce the adder.
The adder is almost dead.
You constrict the adder.
You kill the adder!
Found a clear potion.
The gnoll barely misses you.
You tentacle-slap the gnoll but do no damage.
You grab the gnoll.
You constrict the gnoll, but do no damage.
The gnoll hits you with a +0 flail.
You tentacle-slap the gnoll.
You pierce the gnoll.
Your squeeze misses the gnoll.
The gnoll is severely wounded.
You constrict the gnoll. The gnoll closely misses you.
You tentacle-slap the gnoll.
You pierce the gnoll.
You kill the gnoll!
A gnoll comes into view. It is wielding a +0 spear.
Casting: Beastly Appendage (safe; 7% risk of failure)
Confirm with . or Enter, or press ? or * to list all spells.
Your blood is infused with primal strength.
A hobgoblin comes into view.
A gnoll comes into view. It is wielding a +0 halberd.
Your tentacle spike disappears.
The gnoll moves out of view.
You barely miss the hobgoblin.
The hobgoblin shouts!
You grab the hobgoblin. You constrict the hobgoblin. The hobgoblin hits you.
You release your grip on the hobgoblin.
Found a stone staircase leading down.
The gnoll hits you with a +0 spear. The hobgoblin barely misses you.
You barely miss the gnoll. You grab the gnoll. You constrict the gnoll.
The hobgoblin barely misses you. The gnoll hits you with a +0 spear!
* * * LOW HITPOINT WARNING * * *
You tentacle-slap the gnoll.
The gnoll is lightly wounded.
You constrict the gnoll, but do no damage.
The gnoll closely misses you. The hobgoblin barely misses you.
You release your grip on the gnoll.
The gnoll hits you with a +0 spear!
You die...

............#
..#####.....##
###....##
#######...# ...
##..# #.. #..##
.## #.####..###
>...#....#....#
#...#@†..#..#
#.g.g..#..#
..#####g...#..#
...g.......# ..
#...###....#
... ## #....#
..# #....#
#.#### #!#


You could see 2 gnolls and a hobgoblin.

Vanquished Creatures
  A gnoll (D:2)
  An adder (D:2)
  A dart slug (D:1)
  5 ball pythons (D:1)
  2 endoplasms (D:1)
  A giant cockroach (D:1)
  2 goblins (D:1)
  5 hobgoblins
  2 quokkas (D:1)
  5 frilled lizards (D:1)
  4 kobolds
  3 rats (D:1)
32 creatures vanquished.

Notes
Turn   | Place    | Note
-------+----------+-------------------------------------------
     0 | D:1      | croobank the Octopode Transmuter began the quest for the
                  | Orb.
     0 | D:1      | Reached XP level 1. HP: 13/13 MP: 3/3
   211 | D:1      | Reached XP level 2. HP: 17/18 MP: 3/5
   214 | D:1      | Learned a level 2 spell: Wereblood
   254 | D:1      | Found a faded altar of an unknown god.
  1040 | D:1      | Reached XP level 3. HP: 23/23 MP: 4/6
  1773 | D:2      | Slain by a gnoll

Illustrated notes

Levels and vault maps discovered:
D:1:      dpeg_arrival_line_fractal, layout_basic,
          dreamdust_ecumenical_altar_hidden_monk_grotto, minmay_lizard_pond
D:2:      layout_rooms, serial_curves, eino_curves_01, eino_curves_04,
          eino_curves_02, serial_bayou_pond_c, uniq_robin, uniq_jessica,
          uniq_terence

Action                   || total
-------------------------++-------
Melee: Unarmed           ||    61
       Constrict         ||    22
       Kick              ||    21
       Tentacles         ||     5
 Cast: Beastly Appendage ||    23
       Wereblood         ||     3
 Stab: Sleeping          ||     9
Armor: Skin              ||     4
Dodge: Dodged            ||    31
